 Dungeon Crawl Stone Soup version 0.31-a0-1074-g0b22e4e0f1 (webtiles) character file.

Game seed: 17003429461878355814

176 IdlyInterested the Ruffian (level 5, 0/37 HPs)
             Began as a Demonspawn Shapeshifter on Dec 6, 2023.
             Slain by an orc
             ... wielding a +0 flail of protection
              (8 damage)
             ... on level 3 of the Dungeon.
             The game lasted 00:05:13 (1747 turns).

IdlyInterested the Ruffian (DsSh)                   Turns: 1747, Time: 00:05:14

Health: 0/37       AC:  3    Str: 15    XL:     5   Next: 30%
Magic:  5/5        EV: 15    Int: 11    God:
Gold:   109        SH:  0    Dex: 14    Spells: 4/4 levels left

rFire   . . .        s - +2 short sword (speed)
rCold   . . .        (no shield)
rNeg    . . .        g - +0 leather armour
rPois   .            (helmet currently unavailable)
rElec   .            (cloak currently unavailable)
rCorr   .            (gloves currently unavailable)
SInv    .            n - melded +0 pair of boots
Will    .....        (no amulet)
Stlth   +            (no ring)
HPRegen 0.26/turn    (no ring)
MPRegen 0.09/turn

%: no passive effects
@: beast-form
A: beast (slay +2), horns 1, repulsion field 2
a: Begin Untransformation


You were on level 3 of the Dungeon.
You were a hulking beast.
You visited 1 branch of the dungeon, and saw 3 of its levels.

You collected 109 gold pieces.

Inventory:

Hand Weapons
 p - a +0 short sword
 r - a +1 whip of freezing
 s - a +2 short sword of speed (weapon)
Missiles
 h - 6 stones (quivered)
 i - 4 javelins
 l - 5 datura-tipped darts
Armour
 g - a +0 leather armour (worn)
 n - a +0 pair of boots (melded)
Talismans
 c - a beast talisman (active)
 d - a flux talisman
Scrolls
 a - a scroll of immolation {unknown}
 e - a scroll of revelation {unknown}
 f - a scroll of amnesia {unknown}
 q - a scroll of vulnerability {unknown}
 t - a scroll of identify {unknown}
 u - a scroll of enchant armour {unknown}
Potions
 b - a potion of lignification
 j - a potion of brilliance {unknown}
 k - a potion of curing {unknown}
 m - a potion of heal wounds {unknown}
 o - a potion of ambrosia {unknown}


   Skills:
 - Level 1.0 Fighting
 + Level 2.7 Dodging
 * Level 4.0 Unarmed Combat
 * Level 3.8 Shapeshifting


You had 4 spell levels left.
You didn't know any spells.
Your spell library was empty.

Dungeon Overview and Level Annotations

Branches:
Dungeon (3/15)

Altars:


Innate Abilities, Weirdness & Mutations

You are a hulking beast.
Your limbs bulge with bestial killing power. (Slay +2)
You have a pair of small horns on your head.
You are surrounded by a moderate repulsion field. (EV +3)


Message History

You hit the orc wizard but do no damage.
The orc wizard is heavily wounded.
The goblin misses you.
You hit the orc wizard.
The orc wizard is severely wounded.
The orc wizard closely misses you.
You hit the orc wizard.
The orc wizard is almost dead.
The goblin misses you.
You hit the orc wizard but do no damage.
Your headbutt misses the orc wizard.
The orc wizard is almost dead.
The goblin barely misses you.
You hit the orc wizard but do no damage.
Your headbutt misses the orc wizard.
The orc wizard is almost dead.
The orc wizard misses you.
You puncture the orc wizard!
You kill the orc wizard!
The goblin hits you but does no damage. The orc barely misses you.
Your Unarmed Combat skill increases to level 4!
You closely miss the goblin. Your headbutt misses the goblin.
You hit the goblin.
You kill the goblin!
The orc hits you but does no damage. x2
You hit the orc.
The orc is moderately wounded.
The orc barely misses you.
You hit the orc.
The orc is heavily wounded.
The orc barely misses you.
The orc hits you with a +0 flail of protection.
* * * LOW HITPOINT WARNING * * *
You barely miss the orc. You headbutt the orc, but do no damage.
The orc is heavily wounded.
The orc completely misses you. The orc closely misses you.
You hit the orc but do no damage. You punch the orc.
The orc is severely wounded.
The orc hits you with a +0 flail of protection!
You die...

..### ....##
.....## ......##
.......##########
..#.#....#......##
).#....#.......>.#
.....<.........oo#
†..............oh#
.........#+#######
..)......#
...†?..###
...........
...........
...........
...........
..........#


You could see 3 orcs.

Vanquished Creatures
  An orc wizard (D:3)
  Robin (D:2)
  3 gnolls (D:2)
  4 adders
  2 dart slugs
  An orc (D:3)
  6 bats
  4 endoplasms
  4 giant cockroaches
  15 goblins
  5 hobgoblins
  2 jackals (D:2)
  5 kobolds
  A quokka (D:1)
  8 ball pythons
  2 frilled lizards
  5 rats
69 creatures vanquished.

Notes
Turn   | Place    | Note
-------+----------+-------------------------------------------
     0 | D:1      | IdlyInterested the Demonspawn Shapeshifter began the quest
                  | for the Orb.
     0 | D:1      | Reached XP level 1. HP: 15/15 MP: 1/1
   198 | D:1      | Gained mutation: You are surrounded by a mild repulsion
                  | field. (EV +2) [demonic ancestry]
   198 | D:1      | Reached XP level 2. HP: 21/21 MP: 2/2
   246 | D:1      | Reached skill level 3 in Unarmed Combat
   792 | D:2      | Gained mutation: You are surrounded by a moderate repulsion
                  | field. (EV +3) [demonic ancestry]
   792 | D:2      | Reached XP level 3. HP: 24/26 MP: 3/3
  1210 | D:2      | Gained mutation: You have a pair of small horns on your
                  | head. [demonic ancestry]
  1210 | D:2      | Reached XP level 4. HP: 23/32 MP: 4/4
  1315 | D:2      | Noticed Robin
  1334 | D:2      | Killed Robin
  1638 | D:2      | Found a faded altar of an unknown god.
  1691 | D:3      | Reached XP level 5. HP: 37/37 MP: 5/5
  1742 | D:3      | Reached skill level 4 in Unarmed Combat
  1747 | D:3      | Slain by an orc

Illustrated notes

Levels and vault maps discovered:
D:1:      lemuel_arrival_muddy, layout_basic
D:2:      layout_loops_cross, shapermc_ecumenical_altar_petra, moated_statue,
          corexii_corridor_pit, minmay_worlds_worst_comb, uniq_robin
D:3:      kennysheep_the_goblin_king, layout_basic, nrook_uturn,
          dreamdust_mushroom_princess, kennysheep_generic_room_11

Skill      XL: |  1  2  3  4  5 |
---------------+----------------+-----
Unarmed Combat | 3 4 |  4.0
Dodging        | 2 |  2.7
Shapeshifting  | 3 |  3.8
Fighting       | |  1.0

Action                     |  1- 3 |  4- 6 || total
---------------------------+-------+-------++-------
  Melee: Unarmed           |   113 |    30 ||   143
         Punch             |     2 |     1 ||     3
         Short sword       |       |    55 ||    55
         Headbutt          |       |    14 ||    14
   Stab: Sleeping          |     2 |     1 ||     3
         Distracted        |       |     1 ||     1
 Armour: Animal skin       |     8 |       ||     8
         Leather armour    |    22 |    46 ||    68
  Dodge: Dodged            |    77 |    74 ||   151
   Form: Beast             |     1 |       ||     1
         Flux              |     1 |       ||     1

Table legend: (Time is in decaauts)
 A = Elapsed time spent in this place.
 B = Non-inter-level travel time spent in this place.
 C = Inter-level travel time spent in this place.
 D = Time resting spent in this place.
 E = Time spent auto-exploring this place.
 F = Levels seen in this place.
 G = Mean time per level.
                   A        B        C        D        E       F      G
               +--------+--------+--------+--------+--------+-----+--------+
         Total |   1719 |   1575 |    144 |    195 |    879 |   3 |  573.0 |
       Dungeon |   1719 |   1575 |    144 |    195 |    879 |   3 |  573.0 |
               +--------+--------+--------+--------+--------+-----+--------+

Top non-repeatable levels by time:
     D:2: 915 daAuts
     D:1: 751 daAuts
     D:3: 53 daAuts
